AoeStats
← JCarlos9910

Arena

510036825Analyzed
4v4 RM · 4d ago on Sep 29, 2026· 46m 39s· 8 players
Game mode
Random Map
Map size
Large (8 player)
Population
200
Speed
Normal
Resources
Standard
Victory
Conquest
Starting age
Dark Age
Ending age
Imperial Age
RankedLock teamsTeams togetherTeam positionsShared explorationLock speedFull tech treeHidden civsTurbo modeCheats
Victory
Defeat
🇺🇸 Franks · United States
840
+9
🇨🇳 Persians · China
833
+9
🇬🇹 Turks · Guatemala
825
+9
🇻🇳 Teutons · Vietnam
709
+13
🇲🇽 Bulgarians · Mexico
724
-12
🇨🇳 Chinese · China
702
-11
🇨🇷 Ethiopians · Costa Rica
671
-10
🇲🇽 Khmer · Mexico
577
-7
Wobbuffet3383
0:37 Loom
1:59 Loom
2:36 Loom
11:31 Feudal Age
12:48 Double-Bit Axe
15:37 Horse Collar
17:45 Gold Mining
17:49 Stone Mining
22:13 Castle Age
25:14 Royal Heirs
32:58 Imperial Age
32:21 Ballistics
32:40 Squires
32:26 Arson
34:02 Bow Saw
33:33 Capped Ram
34:30 Halberdier
36:12 Crossbowman
37:51 Gold Shaft Mining
38:52 Arbalester
39:38 Thumb Ring
39:20 Elite Skirmisher
Silver
0:30 Loom
11:02 Feudal Age
11:33 Double-Bit Axe
11:31 Horse Collar
15:10 Wheelbarrow
15:44 Gold Mining
20:05 Castle Age
18:29 Stone Mining
21:01 Forging
20:58 Scale Barding Armor
20:54 Scale Mail Armor
22:26 Stone Shaft Mining
22:37 Chain Barding Armor
22:54 Iron Casting
22:56 Bloodlines
25:05 Husbandry
26:30 Hand Cart
28:03 Bow Saw
33:38 Imperial Age
31:34 Murder Holes
32:00 Chain Mail Armor
32:13 Stirrups
33:32 Ballistics
34:47 Conscription
33:51 Light Cavalry
35:49 Chemistry
35:18 Heavy Plow
37:49 Blast Furnace
37:25 Plate Barding Armor
41:08 Plate Mail Armor
JCarlos9910
0:58 Loom
14:02 Feudal Age
15:38 Wheelbarrow
15:48 Town Watch
22:55 Double-Bit Axe
24:15 Horse Collar
31:02 Castle Age
32:11 Light Cavalry
34:44 Hand Cart
34:58 Gold Mining
301301301
0:33 Loom
13:34 Feudal Age
14:06 Double-Bit Axe
15:06 Horse Collar
16:08 Arson
19:47 Stone Mining
19:47 Gold Mining
22:21 Castle Age
20:14 Town Watch
20:48 Scale Mail Armor
22:01 Bloodlines
23:41 Heavy Plow
23:56 Bow Saw
24:02 Padded Archer Armor
24:14 Forging
24:52 Husbandry
24:45 Fletching
25:24 Town Watch
27:30 Wheelbarrow
28:05 Leather Archer Armor
30:19 Stone Shaft Mining
30:19 Gold Shaft Mining
32:01 Hand Cart
31:53 Bodkin Arrow
32:14 Chain Mail Armor
32:35 Iron Casting
40:19 Imperial Age
37:57 Town Patrol
39:38 Scale Barding Armor
40:56 Murder Holes
41:12 Masonry
42:03 Chemistry
41:39 Light Cavalry
42:36 Squires
41:57 Pikeman
42:02 Crossbowman
42:48 Thumb Ring
42:04 Elite Skirmisher
44:20 Two-Man Saw
44:01 Ring Archer Armor
43:32 Bracer
44:03 Plate Mail Armor
44:34 Blast Furnace
43:55 Chain Barding Armor
43:15 Halberdier
45:00 Ballistics
44:53 Fortified Wall
bluesuitandtie
11:42 Feudal Age
16:38 Castle Age
15:05 Double-Bit Axe
15:35 Scale Barding Armor
17:11 Forging
27:28 Chain Barding Armor
27:44 Iron Casting
27:22 Husbandry
29:15 Wheelbarrow
31:39 Imperial Age
31:41 Cavalier
33:53 Blast Furnace
32:55 Capped Ram
40:35 Plate Barding Armor
42:35 Paladin
Gerarrdy
0:31 Loom
11:25 Feudal Age
14:09 Horse Collar
17:03 Double-Bit Axe
22:38 Castle Age
23:11 Bloodlines
26:14 Town Watch
27:52 Husbandry
28:29 Bow Saw
30:00 Forging
29:56 Scale Barding Armor
29:41 Fletching
34:22 Murder Holes
44:39 Imperial Age
duchuy2442
9:51 Feudal Age
9:43 Loom
12:21 Stone Mining
16:25 Fletching
21:19 Arson
25:42 Castle Age
23:51 Scale Mail Armor
26:32 Squires
26:50 Bodkin Arrow
27:11 Chain Mail Armor
27:50 Horse Collar
31:15 Double-Bit Axe
31:37 Heavy Plow
33:05 Ballistics
42:22 Gold Mining
45:18 Forging
45:36 Ironclad
VespidVeil98689
10:24 Feudal Age
10:30 Feudal Age
15:03 Castle Age
13:32 Double-Bit Axe
13:55 Horse Collar
15:58 Bow Saw
15:55 Heavy Plow
23:26 Wheelbarrow
24:11 Gold Mining
29:53 Imperial Age
27:41 Hand Cart
27:12 Loom
27:12 Town Watch
27:39 Forging
27:31 Scale Mail Armor
29:22 Masonry
29:10 Murder Holes
29:32 Chain Mail Armor
29:52 Iron Casting
29:23 Scale Barding Armor
30:10 Stone Mining
30:56 Gold Shaft Mining
32:00 Chemistry
31:30 Architecture
31:30 Conscription
31:25 Guilds
31:05 Light Cavalry
31:55 Bloodlines
31:45 Husbandry
32:39 Crop Rotation
33:11 Two-Man Saw
33:52 Stone Shaft Mining
34:59 Blast Furnace
34:20 Chain Barding Armor
35:00 Blast Furnace
34:59 Plate Mail Armor
34:50 Chain Barding Armor
34:16 Pikeman
34:57 Squires
35:35 Halberdier
38:10 Elite War Elephant
40:29 Citadels
40:55 Hoardings
44:09 Chain Barding Armor
Connection lost

Rejoining the realm…

Still unreachable

The connection could not be restored.

Session expired

The server has moved on; the page needs a fresh start.